 Dungeon Crawl Stone Soup version 0.30.0-10-gfe55d96785 (webtiles) character file.

Game seed: 17897072376262588051

92640 browni3141 the Warrior (level 16, 0/191 HPs)
             Began as an Ogre Cinder Acolyte on May 14, 2023.
             Was a Priest of Makhleb.
             Slain by a black mamba (13 damage)
             ... on level 1 of the Snake Pit.
             The game lasted 00:54:08 (22708 turns).

browni3141 the Warrior (Ogre Cinder Acolyte)       Turns: 22708, Time: 00:54:08

Health: 0/191      AC:  7    Str: 34    XL:     16   Next: 6%
Magic:  22/22      EV: 11    Int: 15    God:    Makhleb [***...]
Gold:   820        SH:  0    Dex: 10    Spells: 23/23 levels left

rFire   . . .        x - +2 trident (flame)
rCold   . . .        (no shield)
rNeg    . . .        z - +0 troll leather armour
rPois   .            A - +1 hat {Will+}
rElec   .            W - +0 cloak
rCorr   .            (gloves unavailable)
SInv    .            (boots unavailable)
Will    ++...        S - amulet of regeneration
Stlth   +            c - +6 ring of strength
HPRegen 2.11/turn    t - +6 ring of dexterity
MPRegen 0.18/turn

%: no passive effects
@: studying Invocations
A: large, unfitting armour, tough skin 1
a: Renounce Religion, Minor Destruction, Lesser Servant of Makhleb


You were on level 1 of the Snake Pit.
You worshipped Makhleb.
Makhleb was most pleased with you.
You visited 4 branches of the dungeon, and saw 21 of its levels.
You also visited: Bailey and Volcano.

You collected 2444 gold pieces.
You spent 1624 gold pieces at shops.

Inventory:

Hand Weapons
 b - a +2 halberd of flaming
 x - a +2 trident of flaming (weapon)
Missiles
 J - 2 javelins
 O - 21 large rocks
 T - 18 boomerangs (quivered)
Armour
 z - a +0 troll leather armour (worn)
 A - a +1 hat of willpower (worn)
 W - a +0 cloak (worn)
Jewellery
 c - a +6 ring of strength (left hand)
 n - a ring of fire
 r - a ring of see invisible
 t - a +6 ring of dexterity (right hand)
 D - a ring of flight
 S - an amulet of regeneration (around neck)
 Z - a ring of positive energy
Wands
 l - a wand of digging (6)
 y - a wand of mindburst (12)
 I - a wand of iceblast (19)
 V - a wand of flame (38)
Scrolls
 d - a scroll of silence
 e - a scroll of immolation
 f - 3 scrolls of teleportation
 g - 4 scrolls of fear
 m - a scroll of butterflies
 o - a scroll of acquirement {unknown}
 E - 6 scrolls of poison
 F - 2 scrolls of fog
 K - a scroll of blinking
 N - 3 scrolls of magic mapping
 Q - 2 scrolls of vulnerability
 U - a scroll of torment
 X - a scroll of brand weapon {unknown}
Potions
 i - a potion of resistance
 j - 7 potions of brilliance {unknown}
 p - 2 potions of attraction {unknown}
 q - 4 potions of magic {unknown}
 s - 2 potions of cancellation {unknown}
 u - a potion of experience {unknown}
 v - 2 potions of mutation {unknown}
 w - a potion of invisibility {unknown}
 B - 3 potions of ambrosia {unknown}
 C - 5 potions of curing
 G - 3 potions of haste {unknown}
 H - 4 potions of heal wounds
 L - 6 potions of lignification
 M - 3 potions of degeneration {unknown}
 P - 2 potions of berserk rage {unknown}
 R - 3 potions of flight {unknown}
 Y - 2 potions of might {unknown}
Miscellaneous
 a - a box of beasts (inert)
 h - a condenser vane (inert)
 k - a lightning rod (2/4)


   Skills:
 + Level 19.6 Fighting
 - Level 14.0 Polearms
 * Level 16.5 Throwing
 * Level 7.0 Dodging
 - Level 4.0 Spellcasting
 - Level 4.0 Fire Magic
 * Level 4.2 Invocations
 - Level 4.0 Evocations


You had 23 spell levels left.
You didn't know any spells.
Your spell library contained the following spells:

 Spells                   Type           Power      Damage    Failure   Level
 Scorch                   Fire           30%        2d6       6%          2
 Shock                    Conj/Air       12%        1d3       21%         1
 Sting                    Tmut/Pois      12%        1d3       21%         1
 Blink                    Tloc           6%         N/A       30%         2
 Ensorcelled Hibernation  Hex/Ice        6%         N/A       30%         2
 Passwall                 Tmut/Erth      2%         N/A       30%         2
 Poisonous Vapours        Pois/Air       6%         N/A       30%         2
 Ignite Poison            Fire/Tmut/Pois 7%         N/A       34%         3
 Hailstorm                Conj/Ice       3%         3d3       52%         3
 Ozocubu's Armour         Ice            3%         N/A       52%         3
 Swiftness                Air            3%         N/A       52%         3
 Sticky Flame             Conj/Fire      9%         2d3       65%         4
 Airstrike                Air            1%         2d(1-17)  89%         4
 Animate Dead             Necr           3%         N/A       89%         4
 Ice Form                 Ice/Tmut       3%         N/A       89%         4
 Manifold Assault         Tloc           3%         N/A       89%         4
 Olgreb's Toxic Radiance  Pois           3%         N/A       89%         4
 Borgnjor's Vile Clutch   Necr/Erth      1%         N/A       99%         5
 Metabolic Englaciation   Hex/Ice        1%         N/A       99%         5
 Death Channel            Necr           1%         N/A       100%        6
 Simulacrum               Ice/Necr       1%         N/A       100%        6
 Malign Gateway           Summ/Tloc      1%         N/A       100%        7
 Storm Form               Tmut/Air       1%         N/A       100%        7
 Ignition                 Fire           7%         3d5       100%        8
 Summon Horrible Things   Summ           1%         N/A       100%        8


Dungeon Overview and Level Annotations

Branches:
Dungeon (13/15)            Temple (0/1) D:7            Lair (5/5) D:8
 Shoals (0/4) Lair:3        Snake (1/4) Lair:3        Slime (0/5) Lair:4
    Orc (2/2) D:12            Elf (0/3) Orc:2        Vaults (0/5) D:13
 Bailey (visited)         Volcano (visited)

Altars:
Cheibriados
Elyvilon
Hepliaklqana
Kikubaaqudgha
Makhleb
Okawaru
Qazlal
Uskayaw
Wu Jian
Zin
The Shining One
Jiyva

Shops:
D:8 ?   Orc:2 =*:[[:

Annotations:
D:12 3 runed translucent doors, Filep's ghost, journeyman MiBe
Lair:4 1 runed translucent door, exclusion: door, Tunlugh's ghost, adept GrEE


Innate Abilities, Weirdness & Mutations

You are too large for most types of armour.
You have tough skin. (AC +1)


Message History

You reach to attack!
You puncture the salamander!
The salamander is severely wounded.
The salamander barely misses you.
You reach to attack!
You barely miss the salamander.
The salamander is severely wounded.
The salamander hits you from afar with a +1 halberd!
You are engulfed in flames!
You reach to attack!
You closely miss the salamander.
The salamander is severely wounded.
You reach to attack!
You puncture the salamander!
The salamander is severely wounded.
The salamander hits you from afar with a +1 halberd!
You are engulfed in flames!
You are too injured to fight recklessly!
You are too injured to fight recklessly!
You are too injured to fight recklessly!
You are too injured to fight recklessly!
You are too injured to fight recklessly!
Throw: 19 boomerangs
Press: ? - help, Q - select action, (/) - cycle Shift-Dir - straight line, f/p - salamander
Aim: a salamander, wielding a +1 halberd (severely wounded, 80% to hit)
You throw a boomerang.
The boomerang barely misses the salamander.
The salamander hits you with a +1 halberd!
You are engulfed in flames!
You impale the salamander!!
You kill the salamander!
Makhleb accepts your kill.
Things that are here:
a +1 halberd; a salamander corpse HP restored.
You now have 820 gold pieces (gained 12).
As you open the door, it creaks loudly!
A salamander comes into view. It is wielding a +0 trident.
You hear an angry hiss. x3
An anaconda comes into view.
A black mamba comes into view.
There are monsters nearby!
You reach to attack!
You barely miss the salamander.
The salamander hits you from afar with a +0 trident!
You are engulfed in flames!
You puncture the anaconda! You burn the anaconda.
The anaconda is moderately wounded.
The anaconda grabs you. The anaconda bites you. The anaconda constricts you.
The salamander hits you from afar with a +0 trident.
You are engulfed in flames!
You are too injured to fight recklessly!
You are too injured to fight recklessly!
You are too injured to fight recklessly!
You are too injured to fight recklessly!
You puncture the anaconda! You burn the anaconda.
The anaconda is heavily wounded.
The anaconda bites you. The anaconda constricts you.
You barely miss the anaconda.
The anaconda is heavily wounded.
The anaconda barely misses you. The anaconda constricts you.
The salamander hits you from afar with a +0 trident!
You are engulfed in flames!
You hit the anaconda but do no damage.
The anaconda is heavily wounded.
The anaconda bites you! The anaconda constricts you. The anaconda bites you!
* * * LOW HITPOINT WARNING * * *
The anaconda constricts you.
* * * LOW HITPOINT WARNING * * *
You puncture the anaconda! You burn the anaconda.
The anaconda is severely wounded.
The salamander hits you from afar with a +0 trident.
* * * LOW HITPOINT WARNING * * *
You are engulfed in flames!
* * * LOW HITPOINT WARNING * * *
The anaconda bites you.
* * * LOW HITPOINT WARNING * * *
The anaconda constricts you.
* * * LOW HITPOINT WARNING * * *
You escape the anaconda's grasp.
You closely miss the anaconda.
The anaconda is severely wounded.
The anaconda grabs you. The anaconda bites you!
* * * LOW HITPOINT WARNING * * *
The anaconda constricts you.
* * * LOW HITPOINT WARNING * * *
You barely miss the anaconda.
The anaconda is severely wounded.
The anaconda closely misses you. The anaconda constricts you.
* * * LOW HITPOINT WARNING * * *
The anaconda's grasp on you weakens, but your attempt to escape fails.
The anaconda barely misses you. The anaconda constricts you.
* * * LOW HITPOINT WARNING * * *
The black mamba bites you!
* * * LOW HITPOINT WARNING * * *
The anaconda bites you!
* * * LOW HITPOINT WARNING * * *
The anaconda constricts you.
* * * LOW HITPOINT WARNING * * *
The salamander barely misses you.
You escape the anaconda's grasp.
The anaconda attacks as you move away! The anaconda bites you!
* * * LOW HITPOINT WARNING * * *
The black mamba attacks as you move away!
The black mamba bites you!
You die...

.........# ........
....... ..... ....
#.. ###N# ######
#..S#####.##
##....###..S@.....?.
#......'.).#######.#
#<.....###.#
#......# #.#
#......# #.#
#......# #.#
#......# #.#
#......# .# #......#
.#


You could see a salamander, an anaconda and a black mamba.

Vanquished Creatures
  Gastronok (Lair:1)
  A dire elephant (Lair:3)
  An ettin (Orc:1)
  A yaktaur captain (D:13)
  The ghost of hito the Transmogrifier, a journeyman DrTm of Ru (Lair:2)
  Josephine (D:12)
  2 catoblepae
  3 hydras
  5 boulder beetles
  4 centaur warriors
  A dancing weapon (D:13)
  9 death yaks
  7 two-headed ogres
  A tengu warrior (D:13)
  A hell knight (Volcano)
  Nergalle (D:10)
  A skyshark (Lair:1)
  Lodul (D:12)
  A goliath frog (Lair:5)
  A swamp dragon (Lair:4)
  2 deep elf pyromancers (D:13)
  5 orc knights
  An orc sorcerer (Orc:1)
  The ghost of hawla the Firebug, a novice MeFE (D:5)
  6 ugly things
  A salamander (Snake:1)
  5 cyclopes
  A manticore (D:12)
  Maurice (D:11)
  5 black mambas
  2 gargoyles
  5 torpor snails
  A merfolk siren (Lair:3)
  19 cane toads
  A smoke demon (Volcano)
  A molten gargoyle (Volcano)
  3 rime drakes
  A kobold demonologist (D:9)
  16 komodo dragons
  A yaktaur (D:13)
  3 polar bears
  2 red devils (Volcano)
  Grinder (D:4)
  10 trolls
  28 blink frogs
  3 tyrant leeches (Lair:5)
  4 dream sheep (Lair:5)
  A dream sheep (shapeshifter) (D:13)
  5 slime creatures
  2 spriggans
  3 shadows
  4 wraiths
  A water elemental (D:13)
  4 wyverns
  8 fire bats
  A vampire (D:13)
  2 basilisks
  13 fire elementals
  74 yaks
  5 steam dragons
  An acid dragon (D:8)
  16 vampire mosquitoes
  3 nagas (Lair:3)
  3 swamp worms (Lair:4)
  A warg (Orc:1)
  A hell hound (Volcano)
  14 water moccasins
  3 swamp drakes (Lair:4)
  23 orc warriors
  12 ogres
  4 sky beasts
  6 black bears
  20 centaurs
  5 wolves (Lair:2)
  A phantom (D:6)
  3 kobold brigands
  24 bullfrogs
  A gnoll sergeant (D:7)
  2 scorpions (D:4)
  11 wights
  8 howler monkeys
  4 electric eels
  A crimson imp (D:6)
  5 lava snakes (Volcano)
  3 jellies
  A hound (D:6)
  3 bullfrog skeletons (D:5)
  A gnoll bouda (D:4)
  6 orc priests
  A sleepcap (D:4)
  20 orc wizards
  3 iguanas
  6 gnolls
  A howler monkey skeleton (D:5)
  4 adders
  A shadow imp (D:7)
  2 white imps
  3 worms
  A dart slug (D:4)
  48 orcs
  6 bats
  11 endoplasms
  8 giant cockroaches
  11 goblins
  7 hobgoblins
  8 jackals
  A quokka (D:3)
  6 ball pythons
  4 frilled lizards (D:1)
  20 kobolds
  6 rats
  A fire vortex (D:12)
661 creatures vanquished.

Vanquished Creatures (collateral kills)
  A hydra (Lair:4)
  A swamp dragon (Lair:4)
  An orc warrior (Orc:2)
  An orc (Orc:2)
4 creatures vanquished.

Vanquished Creatures (others)
  A bullfrog (Lair:4)
  An orc (D:7)
2 creatures vanquished.

Grand Total: 667 creatures vanquished

Notes
Turn   | Place    | Note
-------+----------+-------------------------------------------
     0 | D:1      | browni3141 the Ogre Cinder Acolyte began the quest for the
                  | Orb.
     0 | D:1      | Reached XP level 1. HP: 24/24 MP: 2/2
    71 | D:1      | Reached XP level 2. HP: 24/32 MP: 2/4
   226 | D:1      | Reached skill level 3 in Fire Magic
   282 | D:1      | Reached XP level 3. HP: 40/40 MP: 5/5
   993 | D:2      | Found an iron altar of Okawaru.
  1087 | D:3      | Reached XP level 4. HP: 41/49 MP: 7/7
  1175 | D:3      | Reached skill level 5 in Fighting
  1181 | D:3      | Reached XP level 5. HP: 22/57 MP: 7/9
  1394 | D:3      | Found a burning altar of Makhleb.
  1466 | D:3      | Found a glowing silver altar of Zin.
  1664 | D:4      | Reached skill level 3 in Spellcasting
  1845 | D:4      | Reached XP level 6. HP: 34/66 MP: 10/10
  2075 | D:4      | Found a glowing golden altar of the Shining One.
  2214 | D:4      | Noticed Grinder
  2233 | D:4      | Killed Grinder
  2234 | D:4      | Reached skill level 6 in Fighting
  2234 | D:4      | Reached XP level 7. HP: 33/76 MP: 11/13
  2879 | D:5      | Entered Level 5 of the Dungeon
  2931 | D:5      | Reached skill level 7 in Fighting
  2931 | D:5      | Reached skill level 6 in Polearms
  2979 | D:5      | Found a hazy altar of Hepliaklqana.
  3102 | D:4      | Reached XP level 8. HP: 18/87 MP: 14/14
  3459 | D:5      | Found a runed translucent gate.
  3459 | D:5      | Found a runed translucent gate.
  3461 | D:5      | Found a runed translucent gate.
  3551 | D:5      | Found an ancient bone altar of Kikubaaqudgha.
  3998 | D:5      | Noticed hawla's ghost (novice MeFE)
  4141 | D:6      | Reached skill level 8 in Fighting
  4436 | D:6      | Reached skill level 9 in Fighting
  4436 | D:6      | Reached XP level 9. HP: 95/98 MP: 15/15
  4678 | D:6      | Found a snail-covered altar of Cheibriados.
  4969 | D:7      | Found a staircase to the Ecumenical Temple.
  5117 | D:7      | Reached skill level 9 in Polearms
  5437 | D:7      | Reached skill level 10 in Fighting
  5960 | D:8      | Found an ornate altar of the Wu Jian Council.
  6256 | D:8      | You are sucked into a shaft and drop 3 floors!
  6258 | D:11     | Noticed a troll
  6277 | D:11     | Killed a troll
  6278 | D:11     | Reached skill level 11 in Fighting
  6278 | D:11     | Reached XP level 10. HP: 51/113 MP: 16/16
  6378 | D:11     | Noticed a two-headed ogre
  6390 | D:11     | Killed a two-headed ogre
  6428 | D:10     | Entered Level 10 of the Dungeon
  6509 | D:10     | Noticed a gargoyle
  6545 | D:10     | Killed a gargoyle
  6583 | D:10     | Found a flagged portal.
  6593 | Bailey   | Entered a bailey
  6682 | Bailey   | Noticed a two-headed ogre
  6699 | Bailey   | Killed a two-headed ogre
  6764 | Bailey   | Found the +7 lajatang of Order {silver, rMut}
  6990 | D:10     | Reached skill level 12 in Polearms
  6992 | D:10     | Noticed a manticore
  7080 | D:9      | Reached skill level 12 in Fighting
  7090 | D:9      | Reached skill level 3 in Dodging
  7091 | D:9      | Noticed a two-headed ogre
  7103 | D:9      | Reached XP level 11. HP: 91/123 MP: 17/17
  7115 | D:9      | Killed a two-headed ogre
  7116 | D:9      | Reached skill level 3 in Evocations
  7650 | D:9      | Noticed a two-headed ogre
  7667 | D:9      | Killed a two-headed ogre
  7987 | D:8      | Found a staircase to the Lair.
  8165 | D:8      | Found Zaoggos's Magic Scroll Emporium.
  8168 | D:8      | Bought a scroll of fear for 48 gold pieces
  8168 | D:8      | Bought a scroll of identify for 24 gold pieces
  8168 | D:8      | Bought a scroll of fear for 48 gold pieces
  8168 | D:8      | Bought a scroll of identify for 24 gold pieces
  8582 | D:9      | HP: 5/123 [vampire mosquito (5)]
  9022 | D:10     | Found a stormy altar of Qazlal.
  9026 | D:10     | Noticed Nergalle
  9049 | D:10     | Killed Nergalle
  9104 | D:10     | Reached skill level 13 in Fighting
  9359 | D:11     | Noticed a cyclops
  9379 | D:11     | Killed a cyclops
  9419 | D:11     | Noticed Maurice
  9463 | D:11     | Killed Maurice
  9521 | D:11     | Reached XP level 12. HP: 125/136 MP: 18/18
  9537 | D:11     | Reached skill level 6 in Dodging
  9961 | D:11     | Reached skill level 3 in Throwing
  9976 | D:11     | Identified the +3 falchion of Drought {heavy, rPois rF+}
 10379 | D:12     | Found a staircase to the Orcish Mines.
 10379 | D:12     | Noticed Lodul
 10379 | D:12     | Noticed Josephine
 10384 | D:12     | Killed Lodul
 10394 | D:12     | Killed Josephine
 10395 | D:12     | Reached skill level 14 in Fighting
 10571 | D:12     | Found a hide-covered altar of Uskayaw.
 10601 | D:12     | Found a runed translucent gate.
 10601 | D:12     | Found a runed translucent gate.
 10601 | D:12     | Found a runed translucent gate.
 10604 | D:12     | Noticed Filep's ghost (journeyman MiBe)
 10610 | D:12     | Noticed a boulder beetle
 10632 | D:12     | Reached skill level 6 in Throwing
 10646 | D:12     | Killed a boulder beetle
 10722 | D:12     | Noticed a boulder beetle
 10741 | D:12     | Killed a boulder beetle
 11113 | D:5      | Killed hawla's ghost
 11478 | D:13     | Noticed a two-headed ogre
 11489 | D:13     | Killed a two-headed ogre
 11490 | D:13     | Reached XP level 13. HP: 13/148 MP: 19/19
 11650 | D:13     | Reached skill level 15 in Fighting
 11776 | D:13     | Found a gate to the Vaults.
 12073 | D:13     | Reached skill level 9 in Throwing
 12602 | D:13     | HP: 6/152 [centaur warrior (7)]
 12609 | D:13     | Reached skill level 16 in Fighting
 12768 | D:13     | Found a white marble altar of Elyvilon.
 12936 | D:13     | Noticed a yaktaur captain
 12957 | D:13     | Killed a yaktaur captain
 13361 | Lair:1   | Entered Level 1 of the Lair of Beasts
 13361 | Lair:1   | Noticed Gastronok
 13376 | Lair:1   | Killed Gastronok
 13710 | Lair:1   | Reached XP level 14. HP: 50/163 MP: 20/20
 13834 | Lair:1   | Reached skill level 12 in Throwing
 14339 | Lair:2   | Reached skill level 17 in Fighting
 14464 | Lair:2   | Found a snail-covered altar of Cheibriados.
 14946 | Lair:2   | Found a runed translucent door.
 14947 | Lair:2   | Noticed hito's ghost (journeyman DrTm)
 15096 | Lair:2   | Identified the +3 ring mail of Cicroete {rF+ rCorr MP-9
                  | Dex+6}
 15444 | Lair:2   | Killed hito's ghost
 15894 | Lair:4   | Found a staircase to the Slime Pits.
 15894 | Lair:4   | Found a viscous altar of Jiyva.
 16030 | Lair:3   | Found a dark tunnel.
 16045 | Volcano  | Entered a volcano
 16372 | Volcano  | Found a bloodstained altar of Trog.
 16639 | Volcano  | Reached skill level 18 in Fighting
 16895 | Lair:3   | Found a staircase to the Shoals.
 17261 | Lair:3   | Noticed a dire elephant
 17290 | Lair:3   | Killed a dire elephant
 17357 | Lair:3   | Reached XP level 15. HP: 92/178 MP: 21/21
 17730 | Lair:3   | Found a staircase to the Snake Pit.
 18001 | Lair:4   | Found a runed translucent door.
 18011 | Lair:4   | Reached skill level 15 in Throwing
 18023 | Lair:4   | Noticed Tunlugh's ghost (adept GrEE)
 18821 | Lair:2   | Reached skill level 19 in Fighting
 18972 | D:3      | Fell from the grace of Ignis
 18972 | D:3      | Became a worshipper of Makhleb the Destroyer
 19159 | Lair:5   | Entered Level 5 of the Lair of Beasts
 19635 | Lair:5   | Reached * piety under Makhleb
 20224 | Lair:5   | Reached ** piety under Makhleb
 20915 | D:9      | You fall into a shaft and drop 2 floors!
 20973 | Orc:1    | Entered Level 1 of the Orcish Mines
 21110 | Orc:1    | Reached skill level 3 in Invocations
 21543 | Orc:2    | Entered Level 2 of the Orcish Mines
 21566 | Orc:2    | Found Qoetao's Vocational Training.
 21660 | Orc:2    | Found a staircase to the Elven Halls.
 21675 | Orc:2    | Found Omif's Jewellery Shop.
 21734 | Orc:2    | Reached *** piety under Makhleb
 21739 | Orc:2    | Was forgiven by Ignis
 21785 | Orc:2    | Reached XP level 16. HP: 104/191 MP: 22/22
 22400 | Orc:2    | Found Ucsetugg's Antique Armour Emporium.
 22400 | Orc:2    | Found Camy Neno's Book Boutique.
 22402 | Orc:2    | Found Doxzol's General Store.
 22404 | Orc:2    | Found Miocva's Antique Armour Shoppe.
 22411 | Orc:2    | Bought 2 potions of heal wounds for 150 gold pieces
 22411 | Orc:2    | Bought 2 javelins for 90 gold pieces
 22411 | Orc:2    | Bought 2 boomerangs for 60 gold pieces
 22411 | Orc:2    | Bought a scroll of vulnerability for 60 gold pieces
 22459 | Orc:2    | Bought a manual of Invocations for 1120 gold pieces
 22645 | Snake:1  | Entered Level 1 of the Snake Pit
 22708 | Snake:1  | Slain by a black mamba

Illustrated notes

Levels and vault maps discovered:
D:1:      lightli_arrival_noodles, layout_basic
D:2:      layout_basic, basic_altar
D:3:      layout_rooms, lightli_temple_of_fire, zin_statuary
D:4:      layout_loops_ring, kennysheep_mini_moat, uniq_grinder
D:5:      layout_loops_ring, lemuel_tele_altar, overflow_temple_1_default,
          gammafunk_ghost_necromancy
D:6:      layout_gridville, mainiacjoe_overflow_chevrons, nrook_mini_vaults,
          minivault_23, minmay_fire_ice_demons
D:7:      layout_rooms, minmay_temple_entry_arrows, chequers_big_river
D:8:      layout_basic, mainiacjoe_overflow_surrounded_room,
          due_lair_maze_entry_diamond, serial_shops, nicolae_shop_rolled_up
D:9:      layout_gridville
D:10:     layout_irregular_city, lemuel_round_altar, enter_bailey_3,
          grunt_potential, uniq_nergalle
D:11:     layout_basic, hangedman_decor_growths, uniq_maurice
D:12:     layout_rooms, david_orc_2, ebering_ghost_rock_garden,
          nicolae_uskayaw_suspiria, uniq_lodul, uniq_josephine
D:13:     minmay_connected_boxes_in_corner, layout_irregular_city,
          erik_vaults_1, nicolae_elyvilon_temple_path
Lair:1:   layout_gridlike, uniq_gastronok
Lair:2:   layout_cave_pods, gammafunk_ghost_grave, basic_altar,
          grunt_megastairs_3
Lair:3:   layout_gridlike, minmay_shoals_entry_lonely_mermaid,
          nicolae_snake_entry_squirm, nicolae_volcano_entry_batcave,
          nicolae_lair_grazing_beasts [nicolae_sub_lair_graze_edge,
          nicolae_sub_lair_graze_edge, nicolae_sub_lair_graze_edge,
          nicolae_sub_lair_graze_edge], infiniplex_staircase_pool_2
Lair:4:   onia_ninara_swampy_vault, layout_regular_city,
          nicolae_slime_entry_slimehenge, hellmonk_ghost_happy_afterlife,
          serial_rivers, chequers_serial_rivers_small_a,
          chequers_serial_rivers_small_a, chequers_serial_rivers_micro_b,
          chequers_serial_rivers_room_b, grunt_forest_large_clearing_hut
Lair:5:   minmay_lair_end_frog_pond, layout_regular_city
Snake:1:  layout_gridlike, serial_bayou_shore_b, minmay_shoptagon, uniq_frances,
          uniq_donald
Orc:1:    layout_caves, basic_altar
Orc:2:    st_orc_rangers, layout_caves, basic_altar,
          minmay_shop_enchanted_jewellery, nicolae_shop_vocational

Skill      XL: |  1  2  3  4  5  6  7  8  9 10 11 12 13 14 15 16 |
---------------+-------------------------------------------------+-----
Fire Magic     | 3 4 |  4.0
Spellcasting   | 2 3 4 |  4.0
Fighting       | 5 6 7 9 11 12 13 14 16 18 19 | 19.6
Polearms       | 4 5 6 8 10 12 13 14 | 14.0
Dodging        | 3 5 6 7 |  7.0
Evocations     | 2 4 |  4.0
Throwing       | 1 7 11 14 16 | 16.5
Invocations    | 3 4 |  4.2

Action                     |  1- 3 |  4- 6 |  7- 9 | 10-12 | 13-15 | 16-18 || total
---------------------------+-------+-------+-------+-------+-------+-------++-------
  Melee: Spear             |   107 |   132 |   422 |   422 |   112 |       ||  1195
         Punch             |       |     1 |     4 |     5 |     6 |     1 ||    17
         Halberd           |       |       |       |   283 |   872 |       ||  1155
         Trident           |       |       |       |       |   559 |    71 ||   630
  Throw: Dart              |       |     2 |     9 |    53 |    37 |       ||   101
         Boomerang         |       |       |       |       |    16 |    27 ||    43
         Large rock        |       |       |       |       |    68 |     6 ||    74
 Invoke: Fiery Armour      |       |     2 |     2 |     4 |     4 |       ||    12
         Rising Flame      |       |       |       |     1 |       |       ||     1
  Evoke: Wand              |       |       |       |    10 |    26 |       ||    36
         Condenser vane    |       |       |       |     2 |     5 |       ||     7
         Lightning rod     |       |       |       |       |     4 |       ||     4
         Box of beasts     |       |       |       |       |     2 |       ||     2
    Use: Potion            |       |       |     1 |     1 |     8 |       ||    10
         Scroll            |       |       |       |    15 |    11 |       ||    26
   Stab: Petrified         |       |       |       |       |     3 |       ||     3
         Petrifying        |       |       |       |       |     1 |       ||     1
 Armour: Robe              |    18 |    29 |    84 |       |       |       ||   131
         Troll leather arm |       |       |       |   162 |   345 |    16 ||   523
  Dodge: Dodged            |    26 |    36 |   121 |   273 |   564 |    42 ||  1062
